 Dungeon Crawl Stone Soup version 0.18-a0-1088-g34ef3a2 (webtiles) character file.

25 lysy the Chucker (level 3, -1/36 HPs)
             Began as an Ogre Hunter on Jan 15, 2016.
             Slain by a kobold
             ... wielding a +0 club
              (5 damage)
             ... on level 1 of the Dungeon.
             The game lasted 00:02:47 (1125 turns).

lysy the Chucker (Ogre Hunter)                      Turns: 1125, Time: 00:02:48

Health: -1/36      AC:  3    Str: 18    XL:     3   Next: 6%
Magic:  3/3        EV: 10    Int: 10    God:
Gold:   67         SH:  0    Dex: 10    Spells: 0 memorised, 2 levels left

rFire  . . .     SeeInvis .     h - +0 giant spiked club
rCold  . . .     Gourm    .     b - +0 robe
rNeg   . . .     Faith    .     (shield currently unavailable)
rPois  .         Spirit   .     (helmet restricted)
rElec  .         Dismiss  .     (no cloak)
rCorr  .         Reflect  .     (gloves unavailable)
SustAt .         Harm     .     (boots unavailable)
MR     .....                    (no amulet)
Stlth  +.........               (no ring)
                                (no ring)

@: not resistant to hostile enchantments, very unstealthy
A: unfitting armour, tough skin 1
a: no special abilities


You were on level 1 of the Dungeon.
You were not hungry.

You visited 1 branch of the dungeon, and saw 2 of its levels.

You collected 67 gold pieces.


Innate Abilities, Weirdness & Mutations

You are too large for most types of armour.
You have tough skin (AC +1).


   Skills:
 - Level 2.6 Fighting
 + Level 3.1 Maces & Flails
 - Level 4.1 Throwing
 - Level 1.7 Dodging
 - Level 0.7 Stealth


You had 2 spell levels left.
You didn't know any spells.

Inventory:

Hand Weapons
 a - a +0 club
 g - a +0 short sword
 h - a +0 giant spiked club (weapon)
Missiles
 c - 5 large rocks {=f}
 d - 2 throwing nets {=f}
 i - 32 poisoned needles
 q - 5 stones (quivered)
Armour
 b - a +0 robe (worn)
Potions
 e - a potion of heal wounds {@q2}
 j - a potion of invisibility
 m - a potion of brilliance {unknown}
Comestibles
 f - 2 bread rations

Dungeon Overview and Level Annotations

Branches:
Dungeon (2/15)

Altars:

.....▒ ▒..........▒
▒.8.8.▒▒'▒ .....▒
▒..........▒
▒..8..▒.<. .....▒
▒..........▒
▒.8.8.▒▒▒▒ .....▒
▒..........▒
▒......... .....▒
▒▒▒▒..▒.▒▒▒▒
▒▒▒...⌠... .....▒
▒▒.▒.▒ ▒▒....8. .....▒
▒...▒▒▒▒▒▒▒▒▒▒▒.⌠...
.....▒
▒▒.K▒.......▒▒▒▒....
.....▒
▒▒▒▒.O▒..........▒▒▒'▒
▒▒▒▒▒▒
▒....>........▒▒.▒ ▒.▒
▒........▒▒▒▒▒▒▒)▒ ▒..
▒..............▒)▒ ▒▒▒
▒.......▒▒▒▒▒▒.▒.▒▒▒▒
▒.......+......▒....▒
▒.......▒▒▒▒▒..▒....▒
▒.......▒ ▒(.▒....▒
▒.......▒ ▒..▒....▒▒


You could see a kobold.


Message History

The gnoll is heavily wounded.
The gnoll closely misses you. The gnoll barely misses you.
The gnoll closely misses you.
You closely miss the gnoll.
The gnoll is heavily wounded.
The gnoll closely misses you. The gnoll hits you with a spear.
The gnoll hits you from afar with a spear!
* * * LOW HITPOINT WARNING * * *
The gnoll hits you with a spear.
* * * LOW HITPOINT WARNING * * *
You hit the gnoll.
The gnoll is severely wounded.
The gnoll hits you from afar with a spear.
* * * LOW HITPOINT WARNING * * *
The gnoll closely misses you.
The gnoll hits you from afar with a spear.
* * * LOW HITPOINT WARNING * * *
The gnoll hits you from afar with a spear.
* * * LOW HITPOINT WARNING * * *
The kobold throws a stone.
The stone hits you but does no damage.
You see here a stone.
The gnoll barely misses you.
There is a stone staircase leading up here.
The gnoll closely misses you. The gnoll hits you but does no damage.
You climb upwards.
The kobold shouts!
There is a stone staircase leading down here.
The kobold closely misses you.
You barely miss the kobold. The kobold hits you with a club.
You die...

Action                   || total
-------------------------++-------
Melee: Club              ||    57
       Short sword       ||     4
       Giant spiked club ||     7
  Use: Scroll            ||     6
 Stab: Sleeping          ||     1
  Eat: Chunk             ||     1

Vault maps used:
D:1:      ncdulo_halloftheorcs, serial_forest, infiniplex_forest_straight_2,
          infiniplex_forest_lined_3_way, infiniplex_forest_clump_diagonal,
          infiniplex_forest_lined_1, infiniplex_forest_straight_2
D:2:      marbit_many_paths, old_standard_altar, minivault_14

Notes
Turn   | Place    | Note
--------------------------------------------------------------
     0 | D:1      | lysy the Ogre Hunter began the quest for the Orb.
     0 | D:1      | Reached XP level 1. HP: 22/22 MP: 1/1
   318 | D:1      | Reached skill level 1 in Maces & Flails
   517 | D:1      | Reached XP level 2. HP: 29/29 MP: 2/2
   586 | D:1      | Reached skill level 2 in Maces & Flails
  1104 | D:2      | Reached skill level 3 in Maces & Flails
  1104 | D:2      | Reached XP level 3. HP: 36/36 MP: 3/3
  1118 | D:2      | HP: 3/36 [gnoll/spear (1)]
  1125 | D:1      | Slain by a kobold

Vanquished Creatures
  A gnoll (D:2)
  3 hobgoblins
  A ball python (D:1)
  3 bats (D:1)
  5 goblins (D:1)
  A kobold (D:1)
  A rat (D:1)
15 creatures vanquished.
